 Dungeon Crawl Stone Soup version 0.26-a0-154-g3d63440f56 (webtiles) character file.

Game seed: 9918868799374629767

3806 Flugslaktarn the Nimble (level 10, -1/76 HPs)
             Began as a Gnoll Fire Elementalist on July 1, 2020.
             Was an Initiate of Gozag.
             Slain by an unseen horror (8 damage)
             ... on level 9 of the Dungeon.
             The game lasted 00:16:04 (3326 turns).

Flugslaktarn the Nimble (Gnoll Fire Elementalist)   Turns: 3326, Time: 00:16:05

Health: -1/76      AC:  7    Str: 11    XL:     10   Next: 17%
Magic:  2/21       EV: 17    Int: 27    God:    Gozag
Gold:   491        SH:  0    Dex: 15    Spells: 8/24 levels left

rFire    . . .     SeeInvis .   v - +7 lajatang of Order {silver, rMut}
rCold    . . .     Faith    .   (shield currently unavailable)
rNeg     . . .     Spirit   .   h - +0 leather armour
rPois    +         Reflect  .   J - +0 helmet
rElec    .         Harm     .   (no cloak)
rCorr    .                      o - +0 pair of gloves
rMut     +                      m - +0 pair of boots
MR       .....                  (no amulet)
Stlth    +++.......             E - ring of poison resistance
HPRegen  0.22/turn              b - +6 ring of intelligence
MPRegen  0.17/turn

@: very slightly contaminated, studying Dodging
A: distributed training, fangs 1, strong nose
a: Potion Petition, Call Merchant, Bribe Branch, Renounce Religion


You were on level 9 of the Dungeon.
You worshipped Gozag.
Gozag was aware of your devotion.
You were not hungry.

You visited 1 branch of the dungeon, and saw 9 of its levels.
You also visited: Ossuary.

You collected 1175 gold pieces.
You spent 624 gold pieces at shops.
You paid 60 gold pieces to Gozag.

Inventory:

Hand Weapons
 d - a +0 club
   (You took it off a goblin on level 2 of the Dungeon)
 l - the +6 mace "Imelak" {speed, +Fly Str+2}
   (You found it on level 4 of the Dungeon)

   Attacks with this weapon are significantly faster.
   It affects your strength (+2).
   It lets you fly.
 s - a +1 great sword
   (You found it on level 5 of the Dungeon)
 v - the +7 lajatang of Order (weapon) {silver, rMut}
   (You acquired it on level 6 of the Dungeon)

   It protects you from mutation.
 x - the +1 whip "Dalobbog" {pain, rN+}
   (You found it on level 6 of the Dungeon)

   In the hands of one skilled in necromantic magic, it inflicts extra damage on
   living creatures.
   It protects you from negative energy.
Missiles
 z - a throwing net (quivered)
 A - 3 curare-tipped darts
 D - 2 javelins
Armour
 a - a +0 robe
 h - a +0 leather armour (worn)
   (You found it on level 3 of the Dungeon)
 m - a +0 pair of boots (worn)
   (You found it on level 4 of the Dungeon)
 o - a +0 pair of gloves (worn)
   (You found it on level 3 of the Dungeon)
 F - a cursed +0 kite shield
   (You found it on level 7 of the Dungeon)
 J - a +0 helmet (worn)
   (You found it on level 8 of the Dungeon)
 K - a +2 scale mail of magic resistance
   (You took it off an orc on level 8 of the Dungeon)
Jewellery
 b - a +6 ring of intelligence (right hand)
   (You found it on level 2 of the Dungeon)
 k - an uncursed ring of positive energy
   (You found it on level 4 of the Dungeon)
 E - a ring of poison resistance (left hand)
   (You found it on level 7 of the Dungeon)
 H - an uncursed ring of ice
   (You found it on level 7 of the Dungeon)
Wands
 y - a wand of digging (4)
   (You found it on level 7 of the Dungeon)
 M - a wand of clouds (6)
   (You found it on level 9 of the Dungeon)
Scrolls
 e - 2 scrolls of magic mapping {unknown}
 f - a scroll of amnesia
 i - 2 scrolls of teleportation
 n - a scroll of immolation
 p - 2 scrolls of remove curse
 r - a scroll of blinking {unknown}
 t - a scroll of enchant weapon
 B - a scroll of torment {unknown}
 I - a scroll of identify
 N - 2 scrolls of fear {unknown}
Potions
 g - a potion of haste
 j - 2 potions of mutation
 q - 4 potions of curing
 w - a potion of ambrosia
 C - a potion of stabbing {unknown}
 G - a potion of flight {unknown}
Books
 u - a manual of Dodging
   (You found it on level 6 of the Dungeon)
Miscellaneous
 L - a phantom mirror
Comestibles
 c - 13 rations


   Skills:
 + Level 5.7 Fighting
 + Level 5.7 Short Blades
 + Level 5.7 Long Blades
 + Level 5.7 Axes
 + Level 5.7 Maces & Flails
 + Level 5.7 Polearms
 + Level 5.7 Staves
 + Level 5.7 Slings
 + Level 5.7 Bows
 + Level 5.7 Crossbows
 + Level 5.7 Throwing
 + Level 5.7 Armour
 + Level 8.0 Dodging
 + Level 7.2 Stealth
 + Level 5.7 Shields
 + Level 5.7 Unarmed Combat
 + Level 7.7 Spellcasting
 + Level 5.2 Conjurations
 + Level 4.7 Hexes
 + Level 4.7 Charms
 + Level 4.7 Summonings
 + Level 4.7 Necromancy
 + Level 4.7 Translocations
 + Level 4.7 Transmutations
 + Level 7.3 Fire Magic
 + Level 4.7 Ice Magic
 + Level 4.7 Air Magic
 + Level 4.7 Earth Magic
 + Level 4.7 Poison Magic
 + Level 6.3 Invocations
 + Level 5.7 Evocations


You had 8 spell levels left.
You knew the following spells:

 Your Spells              Type           Power        Failure   Level  Hunger
a - Foxfire               Conj/Fire      ####         1%          1    None
b - Inner Flame           Hex/Fire       #####...     1%          3    None
c - Conjure Flame         Conj/Fire      #####...     1%          3    None
d - Sticky Flame          Conj/Fire      #####...     4%          4    ##.....
e - Fireball              Conj/Fire      #####.....   14%         5    ####...

Your spell library contained the following spells:

 Spells                   Type           Power        Failure   Level  Hunger


Dungeon Overview and Level Annotations

Branches:
Dungeon (9/15)             Temple (0/1) D:7         Ossuary (visited)
   Lair: D:8-11         Orc: D:9-12

Altars:
Ashenzari
Elyvilon
Fedhas
Gozag
Wu Jian
Yredelemnul
The Shining One

Shops:
D:4 [   D:6 ?

Annotations:
D:1 1 runed translucent door


Innate Abilities, Weirdness & Mutations

Your experience applies equally to all skills.
You have very sharp teeth.
Your uncanny sense of smell can sniff out nearby items.


Message History

Something barely misses you.
Found 7 javelins and a leather armour.
Something barely misses you. Something hits you but does no damage.
Deactivating autopickup; reactivate with Ctrl-A.
Evoke which item? (* to show all) (? for menu, Esc to quit)
Okay, then.
You feel better. Something hits you but does no damage.
Unknown command.
Casting: Foxfire (safe; 1% risk of failure)
Confirm with . or Enter, or press ? or * to list all spells.
Aiming: Fireball (dangerous; 14% risk of failure)
Press: ? - help, Shift-Dir - straight line You miscast Fireball.
You are very lightly contaminated with residual magic.
Flames sear your flesh.
* * * LOW HITPOINT WARNING * * *
Something hits you!
* * * LOW HITPOINT WARNING * * *
Casting: Fireball (dangerous; 14% risk of failure)
Confirm with . or Enter, or press ? or * to list all spells.
Aiming: Fireball (dangerous; 14% risk of failure)
Press: ? - help, Shift-Dir - straight line The fireball explodes!
The fireball engulfs something!
You hear an angry hiss.
You hear a croak.
Something hits you.
* * * LOW HITPOINT WARNING * * *
Casting: Fireball (dangerous; 14% risk of failure)
Confirm with . or Enter, or press ? or * to list all spells.
Aiming: Sticky Flame (dangerous; 4% risk of failure)
Press: ? - help, Shift-Dir - straight line The sticky flame hits something.
The unseen horror is covered in liquid flames!
An unseen horror comes into view.
The unseen horror burns!
The unseen horror closely misses you. The unseen horror misses you.
Unknown command.
Evoke which item? (* to show all) (? for menu, Esc to quit)
Okay, then.
Casting: Sticky Flame (dangerous; 4% risk of failure)
Confirm with . or Enter, or press ? or * to list all spells.
Aiming: Fireball (dangerous; 14% risk of failure)
Press: ? - help, Shift-Dir - straight line, f - unseen horror
Aim: an unseen horror (heavily wounded, slightly transparent, covered in liquid flames)
You miscast Fireball.
Nothing appears to happen.
The unseen horror burns!
The unseen horror hits you but does no damage.
The unseen horror hits you!
You die...
Your body crumbles into a pile of gold.

#...#####....####.
#...# ###.......
#...# ########
#...# ######...#
#.......## ##
#.....).# #.
#.......# #.
#....x@.# #.
#.......# #.
#.......# #.
#.......# #.
#.......# #.
#.......# #.
#[.....(# #.
##+####.. #. ...
#.


You could see an unseen horror (invisible, burning).

Vanquished Creatures
  An ugly thing (D:6)
  Grinder (D:6)
  A hippogriff (D:9)
  A wyvern (D:9)
  Menkaure (D:4)
  Duvessa (D:7)
  An ice beast (D:7)
  A necrophage (D:9)
  A phantom (D:5)
  2 ogres
  A centaur (D:5)
  An elf zombie (Ossuary)
  2 bullfrogs
  Dowan (D:7)
  A scorpion (D:5)
  13 killer bees
  3 wights (D:8)
  A bullfrog zombie (D:9)
  4 crimson imps
  A jelly (D:7)
  2 hounds
  4 orc priests
  3 centaur zombies
  An iguana (D:5)
  5 orc wizards
  2 worker ants
  2 big kobold zombies (Ossuary)
  2 mummies (Ossuary)
  10 adders
  A shadow imp (D:5)
  2 adder zombies
  An adder skeleton (D:4)
  2 dart slugs
  A leopard gecko (D:9)
  19 orcs
  3 giant cockroaches
  3 goblins
  3 hobgoblins
  6 jackals
  2 quokkas
  A frilled lizard (D:2)
  2 goblin zombies (Ossuary)
  15 hobgoblin zombies (Ossuary)
  A jackal zombie (Ossuary)
  3 kobold zombies (Ossuary)
  8 orc zombies (Ossuary)
  2 rats (D:2)
  2 rat zombies (Ossuary)
147 creatures vanquished.

Vanquished Creatures (others)
  248 foxfires
248 creatures vanquished.

Grand Total: 395 creatures vanquished

Notes
Turn   | Place    | Note
-------+----------+-------------------------------------------
     0 | D:1      | Flugslaktarn the Gnoll Fire Elementalist began the quest
                  | for the Orb.
     0 | D:1      | Reached XP level 1. HP: 13/13 MP: 6/6
     0 | D:1      | Noticed a jelly
     1 | D:1      | Found a runed translucent door.
    40 | D:2      | Reached XP level 2. HP: 18/19 MP: 1/7
   193 | D:3      | Reached skill level 5 in Spellcasting
   193 | D:3      | Reached XP level 3. HP: 17/25 MP: 3/9
   206 | D:3      | Reached skill level 1 in Invocations
   280 | D:4      | Reached skill level 1 in Fighting
   280 | D:4      | Reached skill level 1 in Short Blades
   280 | D:4      | Reached skill level 1 in Long Blades
   280 | D:4      | Reached skill level 1 in Axes
   280 | D:4      | Reached skill level 1 in Maces & Flails
   280 | D:4      | Reached skill level 1 in Polearms
   280 | D:4      | Reached skill level 1 in Staves
   280 | D:4      | Reached skill level 1 in Slings
   280 | D:4      | Reached skill level 1 in Bows
   280 | D:4      | Reached skill level 1 in Crossbows
   280 | D:4      | Reached skill level 1 in Throwing
   280 | D:4      | Reached skill level 1 in Armour
   280 | D:4      | Reached skill level 1 in Shields
   280 | D:4      | Reached skill level 1 in Unarmed Combat
   280 | D:4      | Reached skill level 1 in Evocations
   280 | D:4      | Reached XP level 4. HP: 24/32 MP: 2/11
   282 | D:4      | Reached skill level 1 in Hexes
   282 | D:4      | Reached skill level 1 in Charms
   282 | D:4      | Reached skill level 1 in Summonings
   282 | D:4      | Reached skill level 1 in Necromancy
   282 | D:4      | Reached skill level 1 in Translocations
   282 | D:4      | Reached skill level 1 in Transmutations
   282 | D:4      | Reached skill level 1 in Ice Magic
   282 | D:4      | Reached skill level 1 in Air Magic
   282 | D:4      | Reached skill level 1 in Earth Magic
   282 | D:4      | Reached skill level 1 in Poison Magic
   320 | D:4      | Found Kaevekosch's Antique Armour Shoppe.
   355 | D:4      | Reached XP level 5. HP: 33/37 MP: 3/12
   364 | D:4      | Found a white marble altar of Elyvilon.
   376 | D:4      | Found an opulent altar of Gozag.
   381 | D:4      | Found a blossoming altar of Fedhas.
   452 | D:4      | Got a translucent mace
   453 | D:4      | Identified the +6 mace "Imelak" {speed, +Fly Str+2} (You
                  | found it on level 4 of the Dungeon)
   574 | D:4      | Noticed Menkaure
   582 | D:4      | Killed Menkaure
   582 | D:4      | Reached XP level 6. HP: 44/44 MP: 9/13
   598 | D:4      | Found a basalt altar of Yredelemnul.
   789 | D:4      | Reached skill level 6 in Dodging
   789 | D:4      | Reached skill level 5 in Invocations
   789 | D:4      | Reached XP level 7. HP: 55/55 MP: 14/17
   911 | D:4      | Became a worshipper of Gozag Ym Sagoz the Greedy
   939 | D:5      | Entered Level 5 of the Dungeon
  1081 | D:5      | Reached XP level 8. HP: 60/61 MP: 14/18
  1264 | D:6      | Reached skill level 5 in Fighting
  1264 | D:6      | Reached skill level 5 in Short Blades
  1264 | D:6      | Reached skill level 5 in Long Blades
  1264 | D:6      | Reached skill level 5 in Axes
  1264 | D:6      | Reached skill level 5 in Maces & Flails
  1264 | D:6      | Reached skill level 5 in Polearms
  1264 | D:6      | Reached skill level 5 in Staves
  1264 | D:6      | Reached skill level 5 in Slings
  1264 | D:6      | Reached skill level 5 in Bows
  1264 | D:6      | Reached skill level 5 in Crossbows
  1264 | D:6      | Reached skill level 5 in Throwing
  1264 | D:6      | Reached skill level 5 in Armour
  1264 | D:6      | Reached skill level 5 in Shields
  1264 | D:6      | Reached skill level 5 in Unarmed Combat
  1264 | D:6      | Reached skill level 5 in Evocations
  1393 | D:6      | Found Pocai's Magic Scroll Boutique.
  1408 | D:6      | Noticed a purple ugly thing
  1408 | D:6      | Noticed Grinder
  1418 | D:6      | Killed Grinder
  1420 | D:6      | Killed a purple ugly thing
  1420 | D:6      | Reached skill level 7 in Dodging
  1437 | D:6      | Got a fine whip
  1441 | D:6      | Identified the +1 whip "Dalobbog" {pain, rN+} (You found it
                  | on level 6 of the Dungeon)
  1475 | D:6      | Learned a level 3 spell: Conjure Flame
  1480 | D:6      | Learned a level 4 spell: Sticky Flame
  1486 | D:6      | Learned a level 5 spell: Fireball
  1495 | D:6      | Learned a level 3 spell: Inner Flame
  1528 | D:6      | Found an ornate altar of the Wu Jian Council.
  1680 | D:7      | Noticed Duvessa
  1680 | D:7      | Noticed Dowan
  1708 | D:7      | Reached XP level 9. HP: 63/68 MP: 16/19
  1717 | D:7      | Killed Duvessa
  1730 | D:7      | Killed Dowan
  1745 | D:7      | Found a sand-covered staircase.
  1751 | Ossuary  | Entered an ossuary
  2197 | D:6      | Bought a scroll of acquirement for 624 gold pieces
  2198 | D:6      | Found the +7 lajatang of Order {silver, rMut}
  2198 | D:6      | Got the +7 lajatang of Order {silver, rMut}
  2352 | D:7      | Found a glowing golden altar of the Shining One.
  2405 | D:7      | Found a staircase to the Ecumenical Temple.
  2568 | D:7      | Reached skill level 5 in Conjurations
  3060 | D:9      | Reached XP level 10. HP: 42/74 MP: 13/21
  3190 | D:9      | Found a shattered altar of Ashenzari.
  3255 | D:9      | Reached skill level 8 in Dodging
  3325 | D:9      | Noticed an unseen horror
  3326 | D:9      | Slain by an unseen horror

Illustrated notes

Levels and vault maps discovered:
D:1:      dpeg_arrival_caged_fury, layout_rooms, minmay_misc_feat_hallway,
          kennysheep_small_spiral
D:2:      layout_basic, overflow_temple_1_default, elyvilon_altar_3
D:3:      layout_basic, first_ration, uniq_robin, uniq_ijyb
D:4:      layout_basic, minitemple, lemuel_coloured_pillars_altar, serial_shops,
          shop, uniq_menkaure
D:5:      layout_loops_ring, nemelex_xobeh_ov_fountains_minmay,
          saegor_snake_ambush
D:6:      layout_basic, overflow_temple_1_default, serial_shops, shop,
          minmay_manual_mullet, uniq_grinder, uniq_eustachio
D:7:      layout_gridville, kennysheep_mini, lemuel_temple_firewalk_b,
          nicolae_ossuary_entry_plus, grunt_ogre_cave, tso_metal_star,
          uniq_duvessa
D:8:      layout_loops_ring, serial_shops, shop
D:9:      layout_basic, evilmike_ruin_ashenzari, basic_altar,
          minmay_misc_feat_iff, nemelex_spade_bored_becter

Skill      XL: |  1  2  3  4  5  6  7  8  9 10 |
---------------+-------------------------------+-----
Conjurations   | 2 4 5 |  5.2
Spellcasting   | 5 7 |  7.7
Invocations    | 1 2 5 6 |  6.3
Fighting       | 1 4 5 |  5.7
Short Blades   | 1 4 5 |  5.7
Long Blades    | 1 4 5 |  5.7
Axes           | 1 4 5 |  5.7
Maces & Flails | 1 4 5 |  5.7
Polearms       | 1 4 5 |  5.7
Staves         | 1 4 5 |  5.7
Slings         | 1 4 5 |  5.7
Bows           | 1 4 5 |  5.7
Crossbows      | 1 4 5 |  5.7
Throwing       | 1 4 5 |  5.7
Armour         | 1 4 5 |  5.7
Shields        | 1 4 5 |  5.7
Unarmed Combat | 1 4 5 |  5.7
Evocations     | 1 4 5 |  5.7
Hexes          | 1 3 4 |  4.7
Charms         | 1 3 4 |  4.7
Summonings     | 1 3 4 |  4.7
Necromancy     | 1 3 4 |  4.7
Translocations | 1 3 4 |  4.7
Transmutations | 1 3 4 |  4.7
Ice Magic      | 1 3 4 |  4.7
Air Magic      | 1 3 4 |  4.7
Earth Magic    | 1 3 4 |  4.7
Poison Magic   | 1 3 4 |  4.7
Dodging        | 6 7 8 |  8.0
Stealth        | 6 7 |  7.2
Fire Magic     | 6 7 |  7.3

Action                   |  1- 3 |  4- 6 |  7- 9 | 10-12 || total
-------------------------+-------+-------+-------+-------++-------
Melee: Unarmed           |     7 |       |       |       ||     7
       Bite              |     1 |       |    22 |     3 ||    26
       Club              |    11 |     1 |       |       ||    12
       Mace              |       |     3 |   144 |       ||   147
       Punch             |       |       |     7 |       ||     7
       Lajatang          |       |       |    76 |    27 ||   103
 Cast: Foxfire           |    28 |    27 |    90 |    10 ||   155
       Sticky Flame      |       |       |     6 |     4 ||    10
       Conjure Flame     |       |       |     5 |       ||     5
       Fireball          |       |       |       |     1 ||     1
Invok: Potion Petition   |       |       |     1 |       ||     1
  Use: Scroll            |       |     5 |     7 |       ||    12
       Potion            |       |     1 |       |     1 ||     2
 Stab: Sleeping          |       |       |     7 |       ||     7
       Distracted        |       |       |     1 |     1 ||     2
  Eat: Ration            |       |       |     2 |     1 ||     3
Armor: Robe              |     4 |       |       |       ||     4
       Leather armour    |       |     1 |    43 |    10 ||    54
Dodge: Dodged            |    29 |     6 |   149 |    32 ||   216

Table legend:
 A = Non-vault XP
 B = Vault XP
 C = Vault XP percentage of total XP
 D = Non-vault monster count
 E = Vault monster count
 F = Vault count percentage of total count
                 A         B        C        D         E       F
            +---------+---------+-------+---------+---------+-------
      Total |    3875 |    1184 |  23.4 |     101 |      46 |  31.3
            +---------+---------+-------+---------+---------+-------
        D:2 |      35 |       0 |   0.0 |      13 |       0 |   0.0
        D:3 |      43 |       0 |   0.0 |       5 |       0 |   0.0
        D:4 |     162 |     165 |  50.5 |      13 |       1 |   7.1
        D:5 |     594 |       0 |   0.0 |      15 |       0 |   0.0
        D:6 |     589 |     368 |  38.5 |       7 |       3 |  30.0
        D:7 |     498 |     337 |  40.4 |      13 |       3 |  18.8
        D:8 |     538 |       0 |   0.0 |      11 |       0 |   0.0
        D:9 |    1416 |       0 |   0.0 |      24 |       0 |   0.0
    Ossuary |       0 |     314 | 100.0 |       0 |      39 | 100.0
            +---------+---------+-------+---------+---------+-------
